| TOP OF THE 1ST |
|
Baltimore Orioles batting - Pitching for Detroit Tigers : LHP David Cruz
|
|
Pitching: LHP David Cruz
|
|
|
Batting: RHB Andres Leon
|
0-0: Ground out U3 (Groundball, 3, EV 89.4 MPH)
|
|
Batting: RHB Marc Peckermark
|
0-0: Ball 1-0: TRIPLE (Line Drive, 7LD, EV 106.9 MPH)
|
|
Batting: RHB Saimei Kudo
|
0-0: Foul Ball, location: 2F 0-1: Ball 1-1: Foul Ball, location: 2F 1-2: Ball 2-2: Ball 3-2: Foul Ball, location: 2F 3-2: Fly out, F9 (Line Drive, 9D, EV 87.5 MPH) Runner from 3rd tags up, SCORES, throw by RF
|
|
Batting: RHB Alex Rodriguez Jr.
|
0-0: Ball 1-0: Ball 2-0: Foul Ball, location: 2F 2-1: SINGLE (Groundball, 56, EV 95.6 MPH)
|
|
Batting: RHB Josh Hamilton
|
0-0: Ball 1-0: Ball 2-0: Called Strike 2-1: Swinging Strike 2-2: Foul Ball, location: 2F 2-2: Ball Alex Rodriguez Jr. steals 2nd base (no throw) 3-2: DOUBLE (Flyball, 78D, EV 100.6 MPH) Alex Rodriguez Jr. scores
|
|
Batting: RHB Ruben Garza
|
0-0: Foul Ball, location: 2F 0-1: Swinging Strike 0-2: Strikes out swinging
|
| Top of the 1st over - 2 runs, 3 hits, 0 errors, 1 left on base; Baltimore 2 - Detroit 0 |
| BOTTOM OF THE 1ST |
|
Detroit Tigers batting - Pitching for Baltimore Orioles : RHP Kevin Cushman
|
|
Pitching: RHP Kevin Cushman
|
|
|
Batting: RHB Greg Harman
|
0-0: DOUBLE (Flyball, 89XD, EV 100.0 MPH)
|
|
Batting: LHB Morgan Black
|
0-0: Swinging Strike 0-1: Ground out 1-3 (Groundball, 23, EV 71.3 MPH) Greg Harman to third
|
|
Batting: SHB Phil Zacharia
|
0-0: Called Strike 0-1: Ball 1-1: Fly out, F8 (Flyball, 8RS, EV 70.6 MPH) Runner from 3rd tags up, SCORES, throw by CF
|
|
Batting: LHB Tyler Davis
|
0-0: Ball 1-0: Ball 2-0: Called Strike 2-1: Ball 3-1: Base on Balls
|
|
Batting: RHB Randy Shrewsbury
|
0-0: Fielders Choice at 2nd, 6-4 (Groundball, 6, EV 86.3 MPH)
|
| Bottom of the 1st over - 1 run, 1 hit, 0 errors, 1 left on base; Baltimore 2 - Detroit 1 |
| TOP OF THE 2ND |
|
Baltimore Orioles batting - Pitching for Detroit Tigers : LHP David Cruz
|
|
Batting: RHB Jeremy Giesler
|
0-0: Fly out, F9 (Flyball, 89S, EV 75.6 MPH)
|
|
Batting: LHB Bob Melley
|
0-0: Ball 1-0: Foul Ball, location: 2F 1-1: Fly out, F4 (Popup, 34S, EV 87.5 MPH)
|
|
Batting: RHB Randy Johnson Jr.
|
0-0: Called Strike 0-1: Called Strike 0-2: Ball 1-2: Ball 2-2: Strikes out swinging
|
| Top of the 2nd over - 0 runs, 0 hits, 0 errors, 0 left on base; Baltimore 2 - Detroit 1 |
| BOTTOM OF THE 2ND |
|
Detroit Tigers batting - Pitching for Baltimore Orioles : RHP Kevin Cushman
|
|
Batting: RHB Ryan Neal
|
0-0: Ball 1-0: Ground out 3-1 (Groundball, 34, EV 106.3 MPH)
|
|
Batting: LHB Brad Turner
|
0-0: Foul Ball, location: 2F 0-1: Ground out 3-1 (Groundball, 34S, EV 91.3 MPH)
|
|
Batting: RHB Victor Quinones
|
0-0: Swinging Strike 0-1: Foul Ball, location: 2F 0-2: Strikes out swinging
|
| Bottom of the 2nd over - 0 runs, 0 hits, 0 errors, 0 left on base; Baltimore 2 - Detroit 1 |
| TOP OF THE 3RD |
|
Baltimore Orioles batting - Pitching for Detroit Tigers : LHP David Cruz
|
|
Batting: RHB Andres Leon
|
0-0: Ball 1-0: Fly out, F9 (Flyball, 9LM, EV 98.1 MPH)
|
|
Batting: RHB Marc Peckermark
|
0-0: Foul Ball, location: 2F 0-1: Ball 1-1: Fly out, F8 (Flyball, 89D, EV 98.8 MPH)
|
|
Batting: RHB Saimei Kudo
|
0-0: Called Strike 0-1: Ground out 6-3 (Groundball, 6, EV 82.5 MPH)
|
| Top of the 3rd over - 0 runs, 0 hits, 0 errors, 0 left on base; Baltimore 2 - Detroit 1 |
| BOTTOM OF THE 3RD |
|
Detroit Tigers batting - Pitching for Baltimore Orioles : RHP Kevin Cushman
|
|
Batting: RHB Dave Reynolds
|
0-0: Ball 1-0: SINGLE (Line Drive, 7S, EV 106.3 MPH)
|
|
Batting: RHB Greg Harman
|
0-0: Swinging Strike 0-1: Foul Ball, location: 2F 0-2: Ball 1-2: Fly out, F7 (Line Drive, 7S, EV 89.4 MPH)
|
|
Batting: LHB Morgan Black
|
0-0: Ball 1-0: Grounds into double play, 6-4-3 (Groundball, 56, EV 101.3 MPH)
|
| Bottom of the 3rd over - 0 runs, 1 hit, 0 errors, 0 left on base; Baltimore 2 - Detroit 1 |
| TOP OF THE 4TH |
|
Baltimore Orioles batting - Pitching for Detroit Tigers : LHP David Cruz
|
|
Batting: RHB Alex Rodriguez Jr.
|
0-0: Fly out, F8 (Flyball, 78D, EV 96.3 MPH)
|
|
Batting: RHB Josh Hamilton
|
0-0: SINGLE (Groundball, 4MD, EV 103.1 MPH)
|
|
Batting: RHB Ruben Garza
|
0-0: Ball 1-0: Ball 2-0: Called Strike 2-1: Ball 3-1: Grounds into double play, 5-4-3 (Groundball, 5, EV 84.4 MPH)
|
| Top of the 4th over - 0 runs, 1 hit, 0 errors, 0 left on base; Baltimore 2 - Detroit 1 |
| BOTTOM OF THE 4TH |
|
Detroit Tigers batting - Pitching for Baltimore Orioles : RHP Kevin Cushman
|
|
Batting: SHB Phil Zacharia
|
0-0: Ball 1-0: Foul Ball, location: 2F 1-1: Foul Ball, location: 2F 1-2: Ball 2-2: Ball 3-2: SINGLE (Line Drive, 7S, EV 109.4 MPH)
|
|
Batting: LHB Tyler Davis
|
0-0: Foul Ball, location: 2F 0-1: 2-RUN HOME RUN (Flyball, 89XD, EV 112.5 MPH), Distance : 436 ft
|
|
Batting: RHB Randy Shrewsbury
|
0-0: Ball 1-0: Ball 2-0: Ground out 6-3 (Groundball, 6, EV 80.0 MPH)
|
|
Batting: RHB Ryan Neal
|
0-0: Foul Ball, location: 2F 0-1: Foul Ball, location: 2F 0-2: Ball 1-2: Strikes out swinging, 2-3 out at first.
|
|
Batting: LHB Brad Turner
|
0-0: SINGLE (Line Drive, 8RS, EV 107.5 MPH)
|
|
Batting: RHB Victor Quinones
|
0-0: Ball 1-0: Ground out U3 (Groundball, 3, EV 86.9 MPH)
|
| Bottom of the 4th over - 2 runs, 3 hits, 0 errors, 1 left on base; Baltimore 2 - Detroit 3 |
| TOP OF THE 5TH |
|
Baltimore Orioles batting - Pitching for Detroit Tigers : LHP David Cruz
|
|
Batting: RHB Jeremy Giesler
|
0-0: Foul Ball, location: 2F 0-1: Fly out, F7 (Flyball, 78XD, EV 96.9 MPH)
|
|
Batting: LHB Bob Melley
|
0-0: Called Strike 0-1: Ground out 5-3 (Groundball, 15, EV 83.1 MPH)
|
|
Batting: RHB Randy Johnson Jr.
|
0-0: Ball 1-0: SOLO HOME RUN (Flyball, 7LD, EV 96.9 MPH), Distance : 395 ft
|
|
Batting: RHB Andres Leon
|
0-0: Called Strike 0-1: Foul Ball, location: 2F 0-2: Ball 1-2: Ball 2-2: Ball 3-2: Strikes out swinging
|
| Top of the 5th over - 1 run, 1 hit, 0 errors, 0 left on base; Baltimore 3 - Detroit 3 |
| BOTTOM OF THE 5TH |
|
Detroit Tigers batting - Pitching for Baltimore Orioles : RHP Kevin Cushman
|
|
Batting: RHB Dave Reynolds
|
0-0: Called Strike 0-1: Ground out 1-3 (Groundball, 15S, EV 66.9 MPH)
|
|
Batting: RHB Greg Harman
|
0-0: Ball 1-0: Swinging Strike 1-1: Ball 2-1: Foul Ball, location: 2F 2-2: Ground out 5-3 (Groundball, 56, EV 80.0 MPH)
|
|
Batting: LHB Morgan Black
|
0-0: Foul Ball, location: 2F 0-1: Ball 1-1: Ball 2-1: Ball 3-1: Base on Balls
|
|
Batting: SHB Phil Zacharia
|
0-0: Swinging Strike 0-1: Ball 1-1: Ball Morgan Black is caught stealing 2nd base 2-6
|
| Bottom of the 5th over - 0 runs, 0 hits, 0 errors, 0 left on base; Baltimore 3 - Detroit 3 |
| TOP OF THE 6TH |
|
Baltimore Orioles batting - Pitching for Detroit Tigers : LHP David Cruz
|
|
Batting: RHB Marc Peckermark
|
0-0: Called Strike 0-1: Swinging Strike 0-2: Ball 1-2: Strikes out looking
|
|
Batting: RHB Saimei Kudo
|
0-0: Called Strike 0-1: Ground out 5-3 (Groundball, 5S, EV 65.0 MPH)
|
|
Batting: RHB Alex Rodriguez Jr.
|
0-0: Called Strike 0-1: Swinging Strike 0-2: Ball 1-2: Ball 2-2: Ball 3-2: Foul Ball, location: 2F 3-2: Strikes out swinging
|
| Top of the 6th over - 0 runs, 0 hits, 0 errors, 0 left on base; Baltimore 3 - Detroit 3 |
| BOTTOM OF THE 6TH |
|
Detroit Tigers batting - Pitching for Baltimore Orioles : RHP Kevin Cushman
|
|
Batting: SHB Phil Zacharia
|
0-0: Called Strike 0-1: Ball 1-1: Foul Ball, location: 2F 1-2: Ball 2-2: Foul Ball, location: 2F 2-2: Ball 3-2: Foul Ball, location: 2F 3-2: Foul Ball, location: 2F 3-2: SINGLE (Flyball, 4D, EV 84.4 MPH)
|
|
Batting: LHB Tyler Davis
|
0-0: Ball 1-0: Called Strike 1-1: Foul Ball, location: 2F 1-2: Foul Ball, location: 2F 1-2: Grounds into double play, 4-6-3 (Groundball, 3, EV 81.9 MPH)
|
|
Batting: RHB Randy Shrewsbury
|
0-0: Foul Ball, location: 2F 0-1: Ball 1-1: Called Strike 1-2: DOUBLE (Line Drive, 89D, EV 108.8 MPH)
|
|
Batting: RHB Ryan Neal
|
0-0: Ball 1-0: Called Strike 1-1: Ground out 6-3 (Groundball, 6M, EV 99.4 MPH)
|
| Bottom of the 6th over - 0 runs, 2 hits, 0 errors, 1 left on base; Baltimore 3 - Detroit 3 |
| TOP OF THE 7TH |
|
Baltimore Orioles batting - Pitching for Detroit Tigers : LHP David Cruz
|
|
Batting: RHB Josh Hamilton
|
0-0: Called Strike 0-1: Swinging Strike 0-2: Ball 1-2: Foul Ball, location: 2F 1-2: Ground out 2-3 (Groundball, 13S, EV 71.9 MPH)
|
|
Batting: RHB Ruben Garza
|
0-0: Ball 1-0: Fly out, F4 (Flyball, 34D, EV 84.4 MPH)
|
|
Batting: RHB Jeremy Giesler
|
0-0: Ground out 6-3 (Groundball, 6MS, EV 65.6 MPH)
|
| Top of the 7th over - 0 runs, 0 hits, 0 errors, 0 left on base; Baltimore 3 - Detroit 3 |
| BOTTOM OF THE 7TH |
|
Detroit Tigers batting - Pitching for Baltimore Orioles : RHP Kevin Cushman
|
|
Batting: LHB Brad Turner
|
0-0: Called Strike 0-1: Ball 1-1: Ball 2-1: Foul Ball, location: 2F 2-2: Ground out 5-3 (Groundball, 56, EV 82.5 MPH)
|
|
Batting: RHB Victor Quinones
|
0-0: Fly out, F3 (Popup, 23F, EV 87.5 MPH)
|
|
Batting: RHB Dave Reynolds
|
0-0: Called Strike 0-1: Fly out, F8 (Flyball, 8RS, EV 83.1 MPH)
|
| Bottom of the 7th over - 0 runs, 0 hits, 0 errors, 0 left on base; Baltimore 3 - Detroit 3 |
| TOP OF THE 8TH |
|
Baltimore Orioles batting - Pitching for Detroit Tigers : LHP David Cruz
|
|
Batting: LHB Bob Melley
|
0-0: Ball 1-0: Ball 2-0: Ball 3-0: Base on Balls
|
|
Batting: RHB Randy Johnson Jr.
|
0-0: Called Strike 0-1: Called Strike 0-2: Strikes out swinging
|
|
Batting: RHB Andres Leon
|
Pickoff Throw to First - Out! 1-3 0-0: Called Strike 0-1: Foul Ball, location: 2F 0-2: Ball 1-2: Ball 2-2: Strikes out swinging
|
| Top of the 8th over - 0 runs, 0 hits, 0 errors, 0 left on base; Baltimore 3 - Detroit 3 |
| BOTTOM OF THE 8TH |
|
Detroit Tigers batting - Pitching for Baltimore Orioles : RHP Kevin Cushman
|
|
Batting: RHB Greg Harman
|
0-0: Foul Ball, location: 2F 0-1: Ball 1-1: Foul Ball, location: 2F 1-2: SINGLE (Groundball, 6D, EV 105.6 MPH)
|
|
Batting: LHB Morgan Black
|
0-0: Bunted foul 0-1: Sac Bunt to 5S - play at first, batter OUT! 5-4 Greg Harman to second
|
|
Batting: SHB Phil Zacharia
|
0-0: Intentional Walk
|
|
Batting: LHB Tyler Davis
|
0-0: 3-RUN HOME RUN (Flyball, 9D, EV 98.8 MPH), Distance : 374 ft
|
|
Pitching: LHP Matt Tomlinson
|
|
|
Batting: RHB Randy Shrewsbury
|
0-0: Called Strike 0-1: Called Strike 0-2: Foul Ball, location: 2F 0-2: Ball 1-2: SINGLE (Line Drive, 8RM, EV 92.5 MPH)
|
|
Batting: RHB Ryan Neal
|
0-0: Ball 1-0: Ball 2-0: Swinging Strike 2-1: Foul Ball, location: 2F 2-2: Foul Ball, location: 2F 2-2: Ball 3-2: Strikes out swinging
|
|
Batting: LHB Brad Turner
|
0-0: Ball 1-0: Swinging Strike 1-1: Called Strike 1-2: Ball Randy Shrewsbury steals 2nd base 2-2: Ball 3-2: Base on Balls
|
|
Batting: RHB Victor Quinones
|
0-0: Foul Ball, location: 2F 0-1: Ground out 2-3 (Groundball, 2L, EV 64.4 MPH)
|
| Bottom of the 8th over - 3 runs, 3 hits, 0 errors, 2 left on base; Baltimore 3 - Detroit 6 |
| TOP OF THE 9TH |
|
Baltimore Orioles batting - Pitching for Detroit Tigers : LHP David Cruz
|
|
Pitching: RHP Riso Profanter
|
|
|
Batting: RHB Marc Peckermark
|
0-0: Called Strike 0-1: Ball 1-1: Swinging Strike 1-2: Strikes out looking
|
|
Batting: RHB Saimei Kudo
|
0-0: Called Strike 0-1: Ball 1-1: Ball 2-1: Foul Ball, location: 2F 2-2: Fly out, F6 (Popup, 6, EV 66.3 MPH)
|
|
Batting: RHB Alex Rodriguez Jr.
|
0-0: Swinging Strike 0-1: Ball 1-1: Called Strike 1-2: Foul Ball, location: 2F 1-2: Strikes out looking
|
| Top of the 9th over - 0 runs, 0 hits, 0 errors, 0 left on base; Baltimore 3 - Detroit 6 |
|